 Dungeon Crawl Stone Soup version 0.17.1-2-g5865329 (webtiles) character file.

141 namelastname112 the Magician (level 5, -1/41 HPs)
             Began as a Draconian Wizard on Jan 11, 2016.
             Was a Follower of Kikubaaqudgha.
             Succumbed to poison (a potion of poison)
             ... on level 3 of the Dungeon.
             The game lasted 00:06:05 (3126 turns).

namelastname112 the Magician (Draconian Wizard)     Turns: 3126, Time: 00:06:05

Health: -1/41      AC:  5    Str:  9    XL:     5   Next: 3%
Magic:  10/10      EV: 12    Int: 23    God:    Kikubaaqudgha [*.....]
Gold:   77         SH:  0    Dex:  9    Spells: 3 memorised, 5 levels left

rFire  . . .     SeeInvis .     c - +0 trident
rCold  . . .     Clarity  .     (armour unavailable)
rNeg   . . .     SustAt   .     (no shield)
rPois  .         Gourm    .     a - +0 hat
rElec  .         Spirit   .     (no cloak)
rCorr  .         Warding  .     (no gloves)
rMut   .         Stasis   .     (no boots)
MR     +....                    (no amulet)
Stlth  +.........               k - ring of protection from magic
                                m - +3 ring of intelligence

@: lethally poisoned (-1 -> -39), very slightly contaminated, somewhat resistant
to hostile enchantments, very unstealthy
A: unfitting armour, cold-blooded, AC +5
a: Receive Corpses, Renounce Religion


You were on level 3 of the Dungeon.
You worshipped Kikubaaqudgha.
Kikubaaqudgha was aware of your devotion.
You were not hungry.

You visited 1 branch of the dungeon, and saw 3 of its levels.

You collected 77 gold pieces.

Inventory:

Hand Weapons
 c - a +0 trident (weapon)
Armour
 a - a +0 hat (worn)
Jewellery
 h - an uncursed ring of positive energy
 k - a ring of protection from magic (right hand)
 m - a +3 ring of intelligence (left hand)
Scrolls
 e - a scroll of magic mapping {unknown}
 f - 3 scrolls of identify {unknown}
 g - a scroll of blinking {unknown}
 i - a scroll of fear {unknown}
 n - a scroll of random uselessness {unknown}
Potions
 d - a potion of cure mutation
 j - a potion of poison
 l - a potion of beneficial mutation {unknown}
 o - a potion of agility {unknown}
 q - a potion of magic
Books
 b - a book of Minor Magic

   Spells                             Type                      Level
   a - Magic Dart                     Conjuration                  1
   b - Blink                          Translocation                2
   c - Call Imp                       Summoning                    2
   d - Repel Missiles                 Charms/Air                   2
   e - Slow                           Hexes                        2
   f - Conjure Flame                  Conjuration/Fire             3
   g - Mephitic Cloud                 Conjuration/Poison/Air       3
 p - Kikubaaqudgha's Guide on Black Rituals
   (Kikubaaqudgha gifted it to you on level 2 of the Dungeon)

   Spells                             Type                      Level
   a - Pain                           Necromancy                   1
   b - Corpse Rot                     Necromancy                   2
   c - Sublimation of Blood           Necromancy                   2
   d - Vampiric Draining              Necromancy                   3
   e - Control Undead                 Necromancy                   4
Comestibles
 r - 2 chunks of flesh


   Skills:
 + Level 1.9 Fighting
 * Level 1.3 Polearms
 + Level 2.5 Dodging
 - Level 1.7 Stealth
 + Level 3.8 Spellcasting
 - Level 1.0 Conjurations
   Level 1.0 Summonings
 * Level 2.1 Necromancy
   Level 1.0 Translocations


You had 5 spell levels left.
You knew the following spells:

 Your Spells              Type           Power        Failure   Level  Hunger
a - Vampiric Draining     Necr           ##........   14%         3    ###....
b - Sublimation of Blood  Necr           ##........   10%         2    #......
z - Magic Dart            Conj           #...         10%         1    None


Dungeon Overview and Level Annotations

Branches:
Dungeon (3/15)

Altars:
Cheibriados
Kikubaaqudgha
Trog

Annotations:
D:3 namelastname112's ghost, weakling DrWz


Innate Abilities, Weirdness & Mutations

Your plain brown scales are hard (AC +5).
Your body does not fit into most forms of armour.
You are cold-blooded and may be slowed by cold attacks.


Message History

The magic dart hits the adder.
You kill the adder!
Kikubaaqudgha accepts your kill.
You have reached level 5!
* * * LOW HITPOINT WARNING * * *
You feel sick.
Unknown command.
Drink which item? (? for menu, Esc to quit)
It was a potion of cure mutation.
It has a very clean taste.
* * * LOW HITPOINT WARNING * * *
You feel sick.
Drink which item? (? for menu, Esc to quit)
It was a potion of poison.
That liquid tasted very nasty...
You are more poisoned.
* * * LOW HITPOINT WARNING * * *
You feel very sick.
Drink which item? (? for menu, Esc to quit)
It was a potion of magic.
Magic courses through your body.
You die...
Kikubaaqudgha rasps: "You have failed me!
Welcome... death!"

#...# #...# #...# ##
... .# ##. ... ..##..
#.# ......##.####
#.......@...#
#..[........#
..#.#...........#
#####.....#.........#
....................#
.......####.........#
.....# #.........#
#...## #>........#
#....######)######


There were no monsters in sight!

Vanquished Creatures
  An orc wizard (D:3)
  An orc priest (D:3)
  2 adders
  An ooze (D:2)
  6 orcs
  3 ball pythons
  4 giant cockroaches
  4 hobgoblins (D:1)
  5 jackals
  5 bats
  6 giant newts
  3 goblins
  10 kobolds
  4 rats
55 creatures vanquished.

Notes
Turn   | Place    | Note
--------------------------------------------------------------
     0 | D:1      | namelastname112 the Draconian Wizard began the quest for the Orb.
     0 | D:1      | Reached XP level 1. HP: 14/14 MP: 4/4
   487 | D:1      | Reached XP level 2. HP: 22/22 MP: 3/6
  1148 | D:1      | Reached skill level 1 in Fighting
  1548 | D:2      | Found an ancient bone altar of Kikubaaqudgha.
  1583 | D:2      | Became a worshipper of Kikubaaqudgha
  1624 | D:2      | Reached XP level 3. HP: 28/28 MP: 0/7
  1828 | D:2      | Found a bloodstained altar of Trog.
  1903 | D:2      | Found a snail-covered altar of Cheibriados.
  2087 | D:2      | Reached skill level 1 in Necromancy
  2445 | D:3      | Reached XP level 4. HP: 36/36 MP: 6/9
  2759 | D:2      | Reached * piety under Kikubaaqudgha
  2759 | D:2      | Received a gift from Kikubaaqudgha
  2762 | D:2      | Identified Kikubaaqudgha's Guide on Black Rituals (Kikubaaqudgha gifted it to you on level 2 of the Dungeon)
  2767 | D:2      | Learned a level 3 spell: Vampiric Draining
  2770 | D:2      | Learned a level 2 spell: Sublimation of Blood
  2947 | D:3      | Reached skill level 1 in Polearms
  3079 | D:3      | Noticed namelastname112's ghost (weakling DrWz)
  3123 | D:3      | Reached XP level 5. HP: 9/41 MP: 5/10
  3125 | D:3      | HP: 2/41 [poison (a potion of poison)]
  3126 | D:3      | Succumbed to poison (a potion of poison)

Action                   |  1- 3 |  4- 6 || total
-------------------------+-------+-------++-------
Melee: Unarmed           |    87 |       ||    87
       Dagger            |    45 |       ||    45
       Trident           |     7 |    35 ||    42
 Cast: Magic Dart        |    99 |    32 ||   131
  Use: Potion            |       |     3 ||     3
 Stab: Sleeping          |     1 |       ||     1
  Eat: Chunk             |     2 |     1 ||     3
       Bread ration      |     1 |       ||     1
